 Dungeon Crawl Stone Soup version 0.31-a0-43-g46d131a48f (webtiles) character file.

Game seed: 11821523651385658693

161 frimble the Slasher (level 5, 0/43 HPs)
             Began as a Gnoll Reaver on May 18, 2023.
             Slain by an orc
             ... wielding a +0 club
              (4 damage)
             ... on level 3 of the Dungeon.
             The game lasted 00:02:41 (2086 turns).

frimble the Slasher (Gnoll Reaver)                  Turns: 2086, Time: 00:02:41

Health: 0/43       AC:  3    Str: 11    XL:     5   Next: 42%
Magic:  9/12       EV: 12    Int: 14    God:
Gold:   86         SH:  0    Dex: 11    Spells: 10/14 levels left

rFire   . . .        a - +1 long sword (holy)
rCold   . . .        (no shield)
rNeg    . . .        b - +0 leather armour
rPois   .            (no helmet)
rElec   .            (no cloak)
rCorr   .            (no gloves)
SInv    .            (no boots)
Will    +....        (no amulet)
Stlth   +            i - ring of willpower
HPRegen 0.27/turn    c - ring of wizardry
MPRegen 0.13/turn

%: wizardry (x1)
@: no status effects
A: fangs 1, strong nose, distributed training
a: no special abilities


You were on level 3 of the Dungeon.
You visited 1 branch of the dungeon, and saw 3 of its levels.

You collected 86 gold pieces.

Inventory:

Hand Weapons
 a - a +1 long sword of holy wrath (weapon)
 t - a +2 dagger of venom
Missiles
 q - 2 poisoned darts
Armour
 b - a +0 leather armour (worn)
Jewellery
 c - a ring of wizardry (right hand)
 i - a ring of willpower (left hand)
 l - a ring of positive energy
Scrolls
 d - 7 scrolls of identify {unknown}
 f - 2 scrolls of poison {unknown}
 h - a scroll of magic mapping {unknown}
 j - a scroll of summoning {unknown}
 n - a scroll of blinking {unknown}
 o - 2 scrolls of enchant weapon {unknown}
 p - a scroll of teleportation {unknown}
 r - a scroll of vulnerability {unknown}
 s - 2 scrolls of amnesia {unknown}
 u - a scroll of immolation {unknown}
Potions
 e - a potion of curing {unknown}
 g - a potion of ambrosia {unknown}
 k - a potion of lignification {unknown}
 m - 3 potions of brilliance {unknown}


   Skills:
 + Level 4.8 Fighting
 + Level 1.5 Short Blades
 + Level 6.7 Long Blades
 + Level 1.5 Axes
 + Level 1.5 Maces & Flails
 + Level 1.5 Polearms
 + Level 1.5 Staves
 + Level 1.5 Ranged Weapons
 + Level 1.5 Throwing
 + Level 1.5 Armour
 + Level 4.8 Dodging
 + Level 1.5 Stealth
 + Level 1.5 Shields
 + Level 1.5 Unarmed Combat
 + Level 5.2 Spellcasting
 + Level 5.5 Conjurations
 + Level 1.2 Hexes
 + Level 1.2 Summonings
 + Level 1.2 Necromancy
 + Level 1.2 Translocations
 + Level 1.2 Transmutations
 + Level 1.2 Fire Magic
 + Level 1.2 Ice Magic
 + Level 1.2 Air Magic
 + Level 1.2 Earth Magic
 + Level 1.2 Poison Magic
 + Level 1.7 Invocations
 + Level 1.5 Evocations


You had 10 spell levels left.
You knew the following spells:

 Your Spells              Type           Power      Damage    Failure   Level
a - Kiss of Death         Conj/Necr      52%        2d9       2%          1
b - Hailstorm             Conj/Ice       13%        3d5       7%          3

Your spell library contained the following spells:

 Spells                   Type           Power      Damage    Failure   Level
 Momentum Strike          Conj/Tloc      26%        3d8       3%          2


Dungeon Overview and Level Annotations

Branches:
Dungeon (3/15)

Altars:
Zin

Shops:
D:2 :   D:3 *

Annotations:
D:3 3 runed translucent doors, IdlyInterested's ghost, amateur DsWn


Innate Abilities, Weirdness & Mutations

You have very sharp teeth.
Your uncanny sense of smell can sniff out nearby items.
Your experience applies equally to all skills.


Message History

You are too injured to fight recklessly!
You are too injured to fight recklessly!
You are too injured to fight recklessly!
You are too injured to fight recklessly!
The orc attacks as you move away! The orc barely misses you.
The orc attacks as you move away! The orc hits you with a +0 club.
The orc attacks as you move away! The orc hits you with a +0 club.
The orc attacks as you move away! The orc hits you but does no damage.
There is a stone staircase leading up here.
Casting: Hailstorm (dangerous; 7% risk of failure)
Confirm with . or Enter, or press ? or * to list all spells.
Casting: Hailstorm (dangerous; 7% risk of failure)
Press: ? - help, Dir - look around, f - activate A cannonade of hail descends around you!
The hail misses the orc.
The hail pelts the orc.
The orc is heavily wounded.
The orc completely misses you.
You closely miss the orc.
The orc is moderately wounded.
The orc hits you with a +0 whip.
You slash the orc!
You kill the orc!
The orc hits you but does no damage.
You barely miss the orc. You bite the orc.
The orc is moderately wounded.
The orc hits you with a +0 whip. The orc barely misses you.
The orc hits you with a +0 whip. The orc hits you with a +0 club.
You barely miss the orc.
The orc is moderately wounded.
The orc hits you with a +0 whip. The orc hits you with a +0 club.
You hit the orc.
The orc is severely wounded.
The orc hits you but does no damage. The orc hits you with a +0 club.
* * * LOW HITPOINT WARNING * * *
You hit the orc but do no damage.
The orc is severely wounded.
The orc hits you with a +0 whip.
* * * LOW HITPOINT WARNING * * *
The orc hits you with a +0 club.
You die...

######### ##... #########
#.......## ##.. #.......#
#.#......### #..
#.##.#..#####.#.†.........#
#.. #.##.......##.#..#
.####.# #..
#.##.#..##.##.#..##(......#
### #.##.#.....##.......#
#..# #
#.##...###.....#o#### #..#
# #.....##⌠##.###o@# #..# #
####...#_#.......#
#..####### #.......#.....#
#..#...... #.............#
#......... #....∩..†.....#
#.##...... #.#.....#.....#
####.######.#
#......######### #....# #.#
####.###.......# #.#### #.#
####.##..#####.# #.# #.#


You could see 2 orcs.

Vanquished Creatures
  2 orc priests (D:3)
  3 adders
  A worm (D:2)
  3 dart slugs
  9 orcs (D:3)
  10 endoplasms
  A giant cockroach (D:1)
  2 goblins
  2 jackals (D:1)
  4 quokkas
  9 ball pythons
  5 bats
  2 kobolds
  7 rats
60 creatures vanquished.

Notes
Turn   | Place    | Note
-------+----------+-------------------------------------------
     0 | D:1      | frimble the Gnoll Reaver began the quest for the Orb.
     0 | D:1      | Reached XP level 1. HP: 20/20 MP: 6/6
   141 | D:1      | Reached XP level 2. HP: 23/26 MP: 7/7
   657 | D:2      | Reached skill level 5 in Spellcasting
   657 | D:2      | Reached XP level 3. HP: 31/31 MP: 7/9
   699 | D:2      | Learned a level 3 spell: Hailstorm
   800 | D:2      | Found Henk's Book Shoppe.
   850 | D:2      | Reached skill level 1 in Invocations
  1188 | D:2      | Reached skill level 1 in Short Blades
  1188 | D:2      | Reached skill level 1 in Axes
  1188 | D:2      | Reached skill level 1 in Maces & Flails
  1188 | D:2      | Reached skill level 1 in Polearms
  1188 | D:2      | Reached skill level 1 in Staves
  1188 | D:2      | Reached skill level 1 in Ranged Weapons
  1188 | D:2      | Reached skill level 1 in Throwing
  1188 | D:2      | Reached skill level 1 in Armour
  1188 | D:2      | Reached skill level 1 in Stealth
  1188 | D:2      | Reached skill level 1 in Shields
  1188 | D:2      | Reached skill level 1 in Unarmed Combat
  1188 | D:2      | Reached skill level 1 in Evocations
  1421 | D:3      | Reached XP level 4. HP: 34/35 MP: 11/11
  1465 | D:3      | Reached skill level 1 in Hexes
  1465 | D:3      | Reached skill level 1 in Summonings
  1465 | D:3      | Reached skill level 1 in Necromancy
  1465 | D:3      | Reached skill level 1 in Translocations
  1465 | D:3      | Reached skill level 1 in Transmutations
  1465 | D:3      | Reached skill level 1 in Fire Magic
  1465 | D:3      | Reached skill level 1 in Ice Magic
  1465 | D:3      | Reached skill level 1 in Air Magic
  1465 | D:3      | Reached skill level 1 in Earth Magic
  1465 | D:3      | Reached skill level 1 in Poison Magic
  1624 | D:3      | Found a runed translucent gate.
  1624 | D:3      | Found a runed translucent gate.
  1624 | D:3      | Found a runed translucent gate.
  1631 | D:3      | Noticed IdlyInterested's ghost (amateur DsWn)
  1633 | D:3      | Identified the +3 chain mail "Kaureid" {+Blink rElec Int-5}
  1761 | D:3      | Reached XP level 5. HP: 40/43 MP: 2/12
  2006 | D:3      | Found Zin's Purification Station.
  2006 | D:3      | Found a glowing silver altar of Zin.
  2086 | D:3      | Slain by an orc

Illustrated notes

Levels and vault maps discovered:
D:1:      saegor_arrival_fortress, layout_rooms
D:2:      layout_basic, serial_shops, shop
D:3:      layout_loops_cross, zin_purify, biasface_ghost_orc_armoury

Skill      XL: |  1  2  3  4 |
---------------+-------------+-----
Spellcasting   | 5 |  5.2
Invocations    | 1 |  1.7
Short Blades   | 1 |  1.5
Axes           | 1 |  1.5
Maces & Flails | 1 |  1.5
Polearms       | 1 |  1.5
Staves         | 1 |  1.5
Ranged Weapons | 1 |  1.5
Throwing       | 1 |  1.5
Armour         | 1 |  1.5
Stealth        | 1 |  1.5
Shields        | 1 |  1.5
Unarmed Combat | 1 |  1.5
Evocations     | 1 |  1.5
Hexes          | 1 |  1.2
Summonings     | 1 |  1.2
Necromancy     | 1 |  1.2
Translocations | 1 |  1.2
Transmutations | 1 |  1.2
Fire Magic     | 1 |  1.2
Ice Magic      | 1 |  1.2
Air Magic      | 1 |  1.2
Earth Magic    | 1 |  1.2
Poison Magic   | 1 |  1.2
Fighting       | |  4.8
Long Blades    | |  6.7
Dodging        | |  4.8
Conjurations   | |  5.5

Action                     |  1- 3 |  4- 6 || total
---------------------------+-------+-------++-------
  Melee: Falchion          |   122 |     9 ||   131
         Bite              |     6 |     6 ||    12
         Long sword        |       |    31 ||    31
         Dagger            |       |     4 ||     4
         Punch             |       |     1 ||     1
   Cast: Kiss of Death     |     1 |       ||     1
         Hailstorm         |       |     5 ||     5
 Armour: Leather armour    |    32 |    10 ||    42
  Dodge: Dodged            |    86 |    40 ||   126

Table legend: (Time is in decaauts)
 A = Elapsed time spent in this place.
 B = Non-inter-level travel time spent in this place.
 C = Inter-level travel time spent in this place.
 D = Time resting spent in this place.
 E = Time spent auto-exploring this place.
 F = Levels seen in this place.
 G = Mean time per level.
                   A        B        C        D        E       F      G
               +--------+--------+--------+--------+--------+-----+--------+
         Total |   2081 |   2063 |     18 |      9 |   1620 |   3 |  693.7 |
       Dungeon |   2081 |   2063 |     18 |      9 |   1620 |   3 |  693.7 |
               +--------+--------+--------+--------+--------+-----+--------+

Top non-repeatable levels by time:
     D:3: 787 daAuts
     D:2: 758 daAuts
     D:1: 536 daAuts
